 Dungeon Crawl Stone Soup version 0.24-a0-493-g7e4ddcd485 (webtiles) character file.

Game seed: 16000854261642624365

258942 KristoblXynda the Dancer (level 18, -16/148 HPs)
             Began as a Pale Draconian Gladiator on July 12, 2019.
             Was the Champion of Uskayaw.
             Demolished by a vault warden
             ... wielding a +3 battleaxe of venom
              (29 damage)
             ... on level 1 of the Vaults.
             The game lasted 02:07:58 (54005 turns).

KristoblXynda the Dancer (DrGl)                    Turns: 54005, Time: 02:07:59

Health: -16/148    AC: 21    Str: 22    XL:     18   Next: 66%
Magic:  0/32       EV: 19    Int: 14    God:    Uskayaw [******]
Gold:   1153       SH:  7    Dex: 15    Spells: 12/38 levels left

rFire    . . .     SeeInvis +   J - +8 scimitar (flame)
rCold    . . .     Gourm    .   y - +1 buckler {AC+3}
rNeg     + + .     Faith    .   (armour unavailable)
rPois    +         Spirit   +   n - +2 hat
rElec    +         Reflect  .   I - scarf {repulsion}
rCorr    .         Harm     .   m - +2 pair of gloves {archery}
MR       +....     Clarity  +   u - +2 pair of boots
Stlth    +.........             g - amulet "Mouhoyr" {Spirit rElec rN+ Str+3}
HPRegen  1.34/turn              o - ring of poison resistance
MPRegen  0.23/turn              t - ring "Erghaple" {rN+ SInv}

@: marked, regenerating, slowed, repel missiles, very slow
A: breathe steam, unfitting armour, clarity, strong 1, cold-blooded, MP-powered
wands, AC +10
}: 3/15 runes: decaying, abyssal, gossamer
a: Breathe Steam, Stomp, Line Pass, Grand Finale, Renounce Religion


You were on level 1 of the Vaults.
You worshipped Uskayaw.
Uskayaw was pleased with you.
You were not hungry.

You visited 8 branches of the dungeon, and saw 34 of its levels.
You visited the Abyss 1 time.
You also visited: Sewer and Gauntlet.

You collected 2616 gold pieces.
You spent 1463 gold pieces at shops.

Inventory:

Hand Weapons
 J - a +8 scimitar of flaming (weapon)
Missiles
 L - a throwing net (quivered)
Armour
 m - a +2 pair of gloves of archery (worn)
 n - a +2 hat (worn)
 u - a +2 pair of boots (worn)
 y - a +1 buckler of protection (worn)
 I - a scarf of repulsion (worn)
Jewellery
 g - the amulet "Mouhoyr" (around neck) {Spirit rElec rN+ Str+3}
   (You bought it in a shop on level 1 of the Orcish Mines)

   [amulet of guardian spirit]

   It causes incoming damage to be split between your health and magic.
   It affects your strength (+3).
   It insulates you from electricity.
   It protects you from negative energy.
 o - a ring of poison resistance (left hand)
 t - the ring "Erghaple" (right hand) {rN+ SInv}
   (You took it off a minotaur in a Gauntlet)

   [ring of see invisible]

   It protects you from negative energy.
   It lets you see invisible.
Wands
 a - a wand of digging (15)
 Q - a wand of paralysis (7)
Scrolls
 e - 7 scrolls of teleportation
 f - 2 scrolls of enchant armour
 k - 19 scrolls of remove curse
 p - 12 scrolls of fog
 r - 9 scrolls of immolation
 v - 5 scrolls of blinking
 w - 4 scrolls of magic mapping
 E - 14 scrolls of identify
 H - 5 scrolls of amnesia
 K - a scroll of brand weapon
Potions
 b - 12 potions of haste
 c - 6 potions of agility
 h - 2 potions of ambrosia
 i - 3 potions of flight
 j - 2 potions of mutation
 l - 2 potions of heal wounds
 q - a potion of lignification
 x - 9 potions of curing
 z - 4 potions of brilliance
 A - 2 potions of magic
 B - 10 potions of might
 G - 3 potions of invisibility
 P - 2 potions of cancellation
Miscellaneous
 s - a fan of gales (inert)
 N - a crystal ball of energy
Comestibles
 d - 31 rations


   Skills:
 - Level 10.2 Fighting
 + Level 15.0 Long Blades
 - Level 2.0 Throwing
 - Level 10.0 Dodging
 - Level 6.5 Shields
 + Level 10.8 Spellcasting
 + Level 6.6 Conjurations
 + Level 10.3 Hexes
 - Level 6.0 Summonings
 - Level 8.0 Necromancy
 - Level 4.1 Translocations
 - Level 10.1 Air Magic
 - Level 15.0 Invocations
 - Level 10.0 Evocations


You had 12 spell levels left.
You knew the following spells:

 Your Spells              Type           Power        Failure   Level  Hunger
a - Apportation           Tloc           ###...       1%          1    None
b - Silence               Hex/Air        #####.....   4%          5    #####..
c - Regeneration          Chrm/Necr      ###.......   5%          3    None
d - Spectral Weapon       Hex/Chrm       ###.....     3%          3    None
e - Summon Butterflies    Summ           ###.....     1%          1    None
f - Lightning Bolt        Conj/Air       ####......   9%          5    #####..
g - Tukima's Dance        Hex            #####...     1%          3    None
h - Summon Mana Viper     Hex/Summ       ####....     9%          5    #####..

Your spell library contained the following spells:

 Spells                   Type           Power        Failure   Level  Hunger
 Animate Skeleton         Necr           N/A          1%          1    None
 Confusing Touch          Hex            #####.       1%          1    None
 Corona                   Hex            #####..      1%          1    None
 Magic Dart               Conj           ####         1%          1    None
 Summon Small Mammal      Summ           ###.         1%          1    None
 Poisonous Vapours        Pois/Air       ###...       1%          2    None
 Searing Ray              Conj           ####..       1%          2    None
 Slow                     Hex            #####...     1%          2    None
 Dazzling Spray           Conj/Hex       ####..       1%          3    None
 Portal Projectile        Hex/Tloc       ####..       1%          3    None
 Static Discharge         Conj/Air       ####....     1%          3    None
 Cause Fear               Hex            #####.....   1%          4    ###....
 Flame Tongue             Conj/Fire      ###..        2%          1    None
 Sting                    Conj/Pois      ###.         2%          1    None
 Call Canine Familiar     Summ           ###.....     2%          3    None
 Throw Flame              Conj/Fire      ###...       3%          2    None
 Throw Frost              Conj/Ice       ###...       3%          2    None
 Inner Flame              Hex/Fire       ###.....     3%          3    None
 Mephitic Cloud           Conj/Pois/Air  ###.....     3%          3    None
 Fulminant Prism          Conj/Hex       ####......   3%          4    ###....
 Lesser Beckoning         Tloc           ###.......   5%          3    None
 Shroud of Golubria       Chrm/Tloc      ##....       6%          2    None
 Iskenderun's Mystic Bla  Conj           ####....     6%          4    ###....
 Conjure Flame            Conj/Fire      ###.....     8%          3    None
 Beastly Appendage        Tmut           #.....       10%         1    None
 Freeze                   Ice            #...         10%         1    None
 Infusion                 Chrm           #...         10%         1    None
 Force Lance              Conj/Tloc      ###.....     11%         4    ###....
 Leda's Liquefaction      Hex/Erth       ###.......   12%         4    ###....
 Song of Slaying          Chrm           #.......     14%         2    None
 Sticks to Snakes         Tmut           #.......     14%         2    None
 Invisibility             Hex            #####...     21%         6    ######.
 Sticky Flame             Conj/Fire      ###.....     24%         4    ###....
 Throw Icicle             Conj/Ice       ###.....     24%         4    ###....
 Summon Ice Beast         Ice/Summ       ###.....     26%         4    ###....
 Ignite Poison            Fire/Tmut/Pois #.......     28%         3    None
 Ozocubu's Armour         Chrm/Ice       #.......     28%         3    None
 Spider Form              Tmut/Pois      #.........   28%         3    None
 Yara's Violent Unravell  Hex/Tmut       ###.......   32%         5    #####..
 Fireball                 Conj/Fire      ###.......   56%         5    #####..
 Venom Bolt               Conj/Pois      ###.......   56%         5    #####..
 Ice Form                 Ice/Tmut       #.......     67%         4    ###....
 Olgreb's Toxic Radiance  Pois           #.......     67%         4    ###....
 Freezing Cloud           Conj/Ice/Air   ###.......   83%         6    ######.
 Deflect Missiles         Chrm/Air       ###.......   88%         6    ######.
 Alistair's Intoxication  Tmut/Pois      #.......     95%         5    #####..
 Blade Hands              Tmut           #.........   95%         5    #####..
 Bolt of Fire             Conj/Fire      ###.......   98%         6    ######.
 Malign Gateway           Summ/Tloc      ###.......   100%        7    #######
 Monstrous Menagerie      Summ           ###.......   100%        7    #######
 Ring of Flames           Chrm/Fire      #.........   100%        7    #######
 Summon Greater Demon     Summ           ###.......   100%        7    #######
 Summon Hydra             Summ           ###.......   100%        7    #######
 Discord                  Hex            #####.....   100%        8    #######
 Ignition                 Fire           #.........   100%        8    #######
 Summon Horrible Things   Summ           ###.......   100%        8    #######
 Shatter                  Erth           #.........   100%        9    #######
 Tornado                  Air            #####.....   100%        9    #######


Dungeon Overview and Level Annotations

Branches:
Dungeon (15/15)            Temple (1/1) D:5            Lair (6/6) D:9
  Swamp (4/4) Lair:3       Spider (4/4) Lair:4        Slime (0/5) Lair:5
    Orc (2/2) D:10            Elf (0/3) Orc:2        Vaults (1/5) D:14
 Depths (1/5) D:15

Altars:
Ashenzari
Cheibriados
Dithmenos
Elyvilon
Fedhas
Gozag
Hepliaklqana
Kikubaaqudgha
Makhleb
Nemelex Xobeh
Okawaru
Qazlal
Ru
Sif Muna
Trog
Uskayaw
Vehumet
Wu Jian
Xom
Yredelemnul
Zin
The Shining One
Lugonu

Shops:
D:9 *   D:14 [   Orc:1 ==   Orc:2 %[?}

Portals:
Pandemonium: Orc:2

Annotations:
D:10 2 transporters, exclusion: orange crystal statue
D:12 1 runed translucent door
Lair:5 exclusion: 4 oklob plants


Innate Abilities, Weirdness & Mutations

You can breathe blasts of scalding, opaque steam.
Your pale cyan-grey scales are hard. (AC +10)
You cannot fit into any form of body armour.
You are cold-blooded and may be slowed by cold attacks.
You possess an exceptional clarity of mind.
Your muscles are strong. (Str +2)
You expend magic power (3 MP) to strengthen your wands.


Message History

The vault warden hits you but does no damage.
The orc warrior misses you.
Unknown command.
You feel a bit more experienced. The orc warrior misses you.
The vault warden hits you with a +3 battleaxe of venom!!!
* * * LOW HITPOINT WARNING * * *
The vault warden completely misses you.
Blink to where?
Press: ? - help, Dir - move target cursor You can't see that place. [the floor.]
Okay, then.
Okay, then.
Evoke which item? (* to show all) (? for menu, Esc to quit)
A fierce wind blows from the fan.
You have got your breath back.
You block the spriggan's attack.
The vault warden hits you with a +3 battleaxe of venom!!
You die...

..# ..# ..# ..# ..# .#
..#################...#
.........[o§§§§i@.§§..
.[[))...pi()§.§p§§....#
).#################§..#
..# ..# ..# .# ..# #
..# ..###############
..#8..)(.......8#


You could see a vault warden and a spriggan.

Vanquished Creatures
  Asterion (Vaults:1)
  2 thorn hunters
  A tengu reaver (Depths:1)
  Louise (D:15)
  5 ghost moths
  6 emperor scorpions
  A vault warden (Vaults:1)
  6 ghouls
  2 ironheart preservers (Vaults:1)
  5 entropy weavers
  The ghost of Depyiwoq the Grappler, a journeyman TrEE (Lair:2)
  A minotaur (Gauntlet)
  2 spark wasps
  A dire elephant (Lair:6)
  An eidolon (Abyss:3)
  3 fire dragons (Swamp:4)
  An ettin (D:15)
  A blizzard demon (Abyss:3)
  A yaktaur captain (Vaults:1)
  An ogre mage (D:14)
  18 hydras
  2 catoblepae
  Erica (D:10)
  A ghost crab (Swamp:4)
  A vault guard (Vaults:1)
  5 centaur warriors
  3 shambling mangroves (Swamp:2)
  18 alligators
  A death knight (Vaults:1)
  5 death yaks (Lair:6)
  A queen ant (Spider:1)
  9 two-headed ogres
  A deep troll shaman (Lair:6)
  4 tengu warriors
  7 orc high priests (Orc:2)
  A sun demon (Abyss:3)
  10 spriggans
  A wretched star (Gauntlet)
  Nergalle (Lair:3)
  A fire crab (Swamp:4)
  A soul eater (Orc:2)
  5 skeletal warriors (D:14)
  A hell knight (D:15)
  2 spriggan druids
  A shadow demon (Abyss:3)
  4 unseen horrors
  A torturous demonspawn (Orc:2)
  8 swamp dragons
  A glowing orange brain (shapeshifter) (Gauntlet)
  2 lindwurms (Swamp:4)
  A necromancer (D:11)
  7 orc knights
  3 wolf spider zombies (D:14)
  3 deep elf magi
  An ironbrand convoker (Vaults:1)
  3 ugly things
  3 oklob plants
  14 orb spiders
  Pikel (D:5)
  6 cyclopes
  8 orc sorcerers
  17 wolf spiders
  A manticore (D:15)
  Maurice (D:13)
  9 elephants
  4 torpor snails
  A rust devil (Orc:2)
  3 vault sentinels (Vaults:1)
  5 black mambas
  2 gargoyles
  3 orange demons
  14 spiny frogs
  3 rime drakes
  2 kobold demonologists (D:13)
  9 komodo dragons
  2 ice devils (Orc:2)
  A freezing wraith (Abyss:3)
  4 yaktaurs (Vaults:1)
  18 demonic crawlers
  10 trolls
  A queen bee (D:10)
  A tengu conjurer (D:15)
  A wind drake (shapeshifter) (Vaults:1)
  A polar bear (Lair:6)
  A large abomination (Abyss:3)
  33 jumping spiders
  20 hornets
  Grinder (D:4)
  A blink frog (Lair:5)
  A meliai zombie (D:13)
  16 tyrant leeches
  20 slime creatures
  10 hippogriffs
  5 bog bodies
  82 redbacks
  2 centaur simulacra
  A shadow (Swamp:2)
  32 tarantellas
  A ynoxinul (Orc:2)
  44 yaks
  2 wraiths
  3 wyverns
  7 fire bats
  A steam dragon (Swamp:4)
  2 neqoxecs
  4 basilisks
  A small abomination (Abyss:3)
  A golden eye (shapeshifter) (Vaults:1)
  3 hungry ghosts
  14 vampire mosquitoes
  14 insubstantial wisps
  5 wargs
  Menkaure (D:4)
  5 soldier ants
  22 swamp worms
  13 water moccasins
  10 porcupines
  41 orc warriors
  2 sky beasts
  An ice dragon simulacrum (Gauntlet)
  A meliai simulacrum (Gauntlet)
  2 phantoms
  3 slaves (D:5)
  An eye of draining (D:13)
  2 ice beasts
  3 black bears
  12 ogres
  10 swamp drakes
  4 boggarts (Vaults:1)
  A necrophage (D:6)
  10 wolves (Lair:6)
  12 centaurs
  16 crocodiles
  3 big kobolds
  14 bullfrogs
  The ghost of pk666 the Magician, an amateur DEWz (D:3)
  Blork the orc (D:5)
  A wyvern zombie (D:14)
  A wyvern skeleton (D:10)
  4 scorpions
  3 wights (D:14)
  32 killer bees
  3 howler monkeys (D:10)
  9 electric eels
  3 bullfrog zombies
  9 centaur zombies
  6 crimson imps
  4 jellies
  A lava snake (Swamp:4)
  4 centaur skeletons
  8 hounds
  33 orc priests
  11 orc wizards
  5 bullfrog skeletons
  An iron imp (D:7)
  6 iguanas
  Terence (D:3)
  13 worker ants
  Natasha (thrice) (D:3)
  3 polar bear simulacra (D:11)
  2 wolf simulacra (D:11)
  2 hound zombies
  A mummy (D:14)
  A howler monkey zombie (D:3)
  14 gnolls
  A howler monkey skeleton (D:6)
  26 adders
  5 river rats (Sewer)
  5 shadow imps
  An adder skeleton (D:5)
  2 worms
  2 dart slugs (D:1)
  6 leopard geckos
  72 orcs
  2 bat zombies (D:6)
  2 giant cockroaches
  12 hobgoblins
  17 jackals
  5 quokkas
  11 ball pythons
  10 bats
  5 frilled lizards
  9 goblins
  3 goblin skeletons (D:7)
  A goblin zombie (D:7)
  2 hobgoblin zombies (D:7)
  13 kobolds
  A kobold skeleton (D:7)
  3 leopard gecko skeletons
  A leopard gecko zombie (D:6)
  An orc zombie (D:7)
  28 rats
  2 rat zombies (D:6)
  6 river rat simulacra (D:11)
  3 briar patches (Swamp:2)
  A fungus (Lair:6)
  A plant (Lair:5)
1284 creatures vanquished.

Vanquished Creatures (collateral kills)
  A stone giant (Vaults:1)
  A centaur warrior (Vaults:1)
  A ynoxinul (Abyss:3)
  2 centaurs (Vaults:1)
5 creatures vanquished.

Vanquished Creatures (others)
  An emperor scorpion (Spider:3)
  A hydra (Swamp:4)
  A swamp dragon (Swamp:4)
  4 dancing weapons (Vaults:1)
  A steam dragon (Swamp:4)
  7 swamp drakes (Swamp:4)
  2 worker ants (Spider:1)
  7 briar patches
  3 demonic plants (Gauntlet)
  2 fungi
  17 plants
  6 spectral weapons
  6 tentacles (Abyss:3)
  A withered plant (D:14)
59 creatures vanquished.

Grand Total: 1348 creatures vanquished

Notes
Turn   | Place    | Note
-------+----------+-------------------------------------------
     0 | D:1      | KristoblXynda the Draconian Gladiator began the quest for
                  | the Orb.
     0 | D:1      | Reached XP level 1. HP: 17/17 MP: 1/1
   326 | D:1      | Reached XP level 2. HP: 19/24 MP: 2/2
   813 | D:1      | Reached XP level 3. HP: 25/30 MP: 3/3
  1418 | D:2      | Reached XP level 4. HP: 35/37 MP: 4/4
  1949 | D:3      | Noticed an ogre
  1994 | D:3      | Noticed Natasha
  2272 | D:3      | Killed Natasha
  2272 | D:3      | Reached XP level 5. HP: 45/45 MP: 5/5
  2343 | D:3      | Found a radiant altar of Vehumet.
  2380 | D:3      | HP: 1/45 [ogre/+0 giant spiked club (28)]
  2402 | D:3      | Killed an ogre
  2402 | D:3      | Reached skill level 5 in Long Blades
  2601 | D:3      | Noticed Natasha
  2619 | D:3      | Killed Natasha
  2619 | D:3      | Reached XP level 6. HP: 19/52 MP: 6/6
  2699 | D:3      | Noticed a +0 dagger
  2700 | D:3      | Found a hide-covered altar of Uskayaw.
  2700 | D:3      | Noticed a +0 hand axe
  2914 | D:3      | Noticed Terence
  2937 | D:3      | Killed Terence
  3024 | D:3      | Found a runed translucent gate.
  3024 | D:3      | Found a runed translucent gate.
  3024 | D:3      | Found a runed translucent gate.
  3029 | D:3      | Noticed pk666's ghost (amateur DEWz)
  3298 | D:3      | Noticed Natasha
  3304 | D:3      | Killed Natasha
  3527 | D:3      | Became a worshipper of Uskayaw the Reveler
  3583 | D:3      | Reached * piety under Uskayaw
  3589 | D:3      | Reached ** piety under Uskayaw
  3595 | D:3      | Reached *** piety under Uskayaw
  3596 | D:3      | Killed pk666's ghost
  3596 | D:3      | Reached skill level 1 in Invocations
  3732 | D:4      | Your scales start taking on a pale cyan-grey colour.
  3732 | D:4      | Reached XP level 7. HP: 60/60 MP: 6/8
  3751 | D:4      | Noticed Menkaure
  3757 | D:4      | Killed Menkaure
  3791 | D:4      | Reached skill level 5 in Fighting
  3981 | D:4      | Noticed Grinder
  3985 | D:4      | Killed Grinder
  3985 | D:4      | Reached skill level 5 in Dodging
  3985 | D:4      | Reached XP level 8. HP: 69/69 MP: 8/10
  4726 | D:5      | Entered Level 5 of the Dungeon
  5071 | D:5      | Found a snail-covered altar of Cheibriados.
  5115 | D:5      | Found a staircase to the Ecumenical Temple.
  5123 | Temple   | Entered the Ecumenical Temple
  5323 | D:5      | Found a shattered altar of Ashenzari.
  5420 | D:5      | Noticed Blork the orc
  5428 | D:5      | Killed Blork the orc
  5473 | D:5      | Found a white marble altar of Elyvilon.
  5607 | D:5      | Reached skill level 1 in Evocations
  5768 | D:5      | Noticed Pikel
  5792 | D:5      | Killed Pikel
  5792 | D:5      | Reached skill level 5 in Invocations
  5792 | D:5      | Reached XP level 9. HP: 50/77 MP: 12/12
  5921 | D:5      | Found an ornate altar of the Wu Jian Council.
  6216 | D:6      | Found a glowing drain.
  6243 | Sewer    | Entered a sewer
  6387 | Sewer    | Reached **** piety under Uskayaw
  7101 | D:6      | Found a glowing silver altar of Zin.
  7548 | D:6      | Found an ancient bone altar of Kikubaaqudgha.
  7966 | D:7      | Found a blossoming altar of Fedhas.
  8176 | D:7      | Found a glowing golden altar of the Shining One.
  9025 | D:8      | Reached XP level 10. HP: 84/84 MP: 14/14
  9265 | D:8      | Reached skill level 1 in Shields
  9491 | D:8      | Noticed a gargoyle
  9500 | D:8      | Killed a gargoyle
  9500 | D:8      | Reached skill level 5 in Evocations
  9999 | D:9      | Found a sacrificial altar of Ru.
 10354 | D:9      | Found Utotzar's Assorted Antiques.
 10404 | D:9      | Noticed a two-headed ogre
 10411 | D:9      | Killed a two-headed ogre
 10745 | D:9      | Noticed a two-headed ogre
 10761 | D:9      | Killed a two-headed ogre
 10839 | D:9      | Found a staircase to the Lair.
 11238 | D:10     | Entered Level 10 of the Dungeon
 11238 | D:10     | Found a corrupted altar of Lugonu.
 11238 | D:10     | Noticed a rust devil
 11238 | D:10     | Noticed an orange demon
 11238 | D:10     | Noticed a rust devil
 11238 | D:10     | Noticed a hell beast
 11239 | D:10     | Noticed a rust devil
 11261 | D:10     | Killed an orange demon
 11275 | D:10     | Reached XP level 11. HP: 85/91 MP: 17/17
 11286 | D:10     | Reached skill level 10 in Long Blades
 11430 | D:10     | Killed an unseen horror
 11712 | D:10     | Killed an unseen horror
 11940 | D:10     | Found a transporter.
 11945 | D:10     | Noticed a two-headed ogre
 11955 | D:10     | Noticed a yaktaur captain
 11962 | D:10     | Noticed an ice dragon
 11964 | D:10     | Noticed an orange crystal statue
 11966 | D:10     | Found a transporter.
 12116 | D:10     | Noticed a sea snake
 12116 | D:10     | a slime creature changed into a sea snake
 12154 | D:10     | a sea snake changed into a jumping spider
 12327 | D:10     | Noticed Erica
 12333 | D:10     | Killed Erica
 12432 | D:10     | Found a staircase to the Orcish Mines.
 13052 | D:10     | Noticed a death drake
 13058 | D:10     | a death drake changed into a dream sheep
 13162 | D:11     | Killed an unseen horror
 13397 | D:11     | Noticed a red ugly thing
 13411 | D:11     | Killed a red ugly thing
 13744 | D:11     | Killed an unseen horror
 13821 | D:11     | Noticed a necromancer
 13825 | D:11     | Killed a necromancer
 14347 | D:11     | Noticed a centaur warrior
 14354 | D:11     | Killed a centaur warrior
 14480 | D:12     | Noticed a five-headed hydra
 14486 | D:12     | Killed a four-headed hydra
 14486 | D:12     | Reached skill level 10 in Invocations
 14486 | D:12     | Reached XP level 12. HP: 98/103 MP: 19/19
 14682 | D:12     | Found a runed translucent door.
 14682 | D:12     | Found a glowing golden altar of the Shining One.
 14682 | D:12     | Noticed an angel
 15961 | D:12     | Noticed a two-headed ogre
 15965 | D:12     | Killed a two-headed ogre
 16299 | D:13     | Noticed a centaur warrior
 16306 | D:13     | Killed a centaur warrior
 16575 | D:13     | Reached skill level 10 in Evocations
 16628 | D:13     | Noticed a two-headed ogre
 16638 | D:13     | Killed a two-headed ogre
 16639 | D:13     | Noticed Maurice
 16651 | D:13     | Killed Maurice
 16774 | D:13     | Reached skill level 10 in Fighting
 17230 | D:14     | Noticed a ghoul
 17254 | D:14     | Killed a ghoul
 17571 | D:14     | Learned a level 1 spell: Apportation
 17614 | D:14     | Noticed a tengu warrior
 17791 | Lair:1   | Entered Level 1 of the Lair of Beasts
 18054 | Lair:1   | Reached XP level 13. HP: 103/113 MP: 19/21
 18062 | Lair:1   | Reached skill level 1 in Translocations
 18448 | Lair:1   | Reached ***** piety under Uskayaw
 18929 | Lair:2   | Reached ****** piety under Uskayaw
 19224 | Lair:2   | Noticed Depyiwoq's ghost (journeyman TrEE)
 19232 | Lair:2   | Found a runed translucent gate.
 19232 | Lair:2   | Found a runed translucent gate.
 19234 | Lair:2   | Found a runed translucent gate.
 19849 | Lair:2   | Learned a level 5 spell: Silence
 20739 | Lair:3   | Reached skill level 1 in Air Magic
 21158 | Lair:3   | Found a staircase to the Swamp.
 21222 | Lair:3   | Noticed Nergalle
 21236 | Lair:3   | Killed Nergalle
 21650 | Lair:4   | Found a gate leading to a gauntlet.
 21657 | Gauntlet | Entered a Gauntlet
 21657 | Gauntlet | Found a large runed translucent door.
 21657 | Gauntlet | Found a large runed translucent door.
 21657 | Gauntlet | Found a large runed translucent door.
 21657 | Gauntlet | Found a large runed translucent door.
 21657 | Gauntlet | Found a large runed translucent door.
 21657 | Gauntlet | Found a large runed translucent door.
 21657 | Gauntlet | Found a large runed translucent door.
 21657 | Gauntlet | Found a large runed translucent door.
 21657 | Gauntlet | Found a runed translucent door.
 21657 | Gauntlet | Found a runed translucent gate.
 21657 | Gauntlet | Found a transporter.
 21657 | Gauntlet | Found a transporter.
 21657 | Gauntlet | Found a runed translucent gate.
 21657 | Gauntlet | Found a transporter.
 21673 | Gauntlet | Found a transporter.
 21677 | Gauntlet | Found a transporter.
 21688 | Gauntlet | Found a transporter.
 21692 | Gauntlet | Found a transporter.
 21704 | Gauntlet | Found a transporter.
 21731 | Gauntlet | Found a transporter.
 21731 | Gauntlet | Found a transporter.
 21743 | Gauntlet | Found a transporter.
 21749 | Gauntlet | Found a runed translucent gate.
 21751 | Gauntlet | Found a large runed translucent door.
 21753 | Gauntlet | Found a runed translucent door.
 21764 | Gauntlet | Found a large runed translucent door.
 21764 | Gauntlet | Found a large runed translucent door.
 21764 | Gauntlet | Found a large runed translucent door.
 21765 | Gauntlet | Found a large runed translucent door.
 21765 | Gauntlet | Found a large runed translucent door.
 21766 | Gauntlet | Found a large runed translucent door.
 21766 | Gauntlet | Found a large runed translucent door.
 21805 | Gauntlet | Found a transporter.
 21954 | Gauntlet | Got an ancient lapis lazuli ring
 21958 | Gauntlet | Identified a ring "Reumeh" {Ice MR+ Str-2 Dex+4} (You found
                  | it in a Gauntlet)
 22020 | Gauntlet | Gained mutation: Scrolls take you much longer to read. [a
                  | neqoxec]
 22064 | Gauntlet | Got a serpentine ivory amulet
 22073 | Gauntlet | Identified the amulet of the Open Hand {Harm *Drain rPois}
                  | (You found it in a Gauntlet)
 22186 | Gauntlet | Identified the ring "Erghaple" {rN+ SInv}
 22186 | Gauntlet | Noticed a minotaur
 22200 | Gauntlet | Killed a minotaur
 22242 | Gauntlet | Identified the Handbook of Good Luck
 22246 | Gauntlet | Found the +10 Black Knight's horse barding {ponderous,
                  | rPois rN+}
 22517 | Lair:4   | Found a hole to the Spider Nest.
 22958 | Lair:4   | Reached XP level 14. HP: 115/121 MP: 23/23
 23571 | Lair:5   | Found a staircase to the Slime Pits.
 23951 | Lair:5   | Learned a level 3 spell: Regeneration
 23955 | Lair:5   | Learned a level 3 spell: Spectral Weapon
 24767 | Lair:6   | Entered Level 6 of the Lair of Beasts
 25157 | Lair:6   | Reached skill level 5 in Air Magic
 26066 | Lair:6   | Reached skill level 10 in Dodging
 26787 | Orc:1    | Entered Level 1 of the Orcish Mines
 26806 | Orc:1    | Found Kedwo's Jewellery Shoppe.
 26990 | Orc:1    | Found Cisor's Jewellery Emporium.
 27265 | Orc:2    | Entered Level 2 of the Orcish Mines
 27274 | Orc:2    | Reached skill level 1 in Spellcasting
 27393 | Orc:2    | Found a staircase to the Elven Halls.
 27562 | Orc:2    | Found Zosuaqec's Magic Scroll Boutique.
 27581 | Orc:2    | Found Aqueshruff's Food Shop.
 28595 | Orc:2    | Reached skill level 1 in Hexes
 28942 | Orc:2    | Lost mutation: Scrolls take you a little longer to read.
                  | [potion of mutation]
 28942 | Orc:2    | Gained mutation: You do not regenerate when monsters are
                  | visible. [potion of mutation]
 28942 | Orc:2    | Gained mutation: Your tail ends in a poisonous barb.
                  | [potion of mutation]
 28962 | Orc:2    | Lost mutation: Your tail ends in a poisonous barb. [potion
                  | of mutation]
 28962 | Orc:2    | Lost mutation: You do not regenerate when monsters are
                  | visible. [potion of mutation]
 28962 | Orc:2    | Gained mutation: You possess an exceptional clarity of
                  | mind. [potion of mutation]
 28962 | Orc:2    | Gained mutation: You expend magic power (3 MP) to
                  | strengthen your wands. [potion of mutation]
 28996 | Orc:2    | Reached XP level 15. HP: 104/126 MP: 25/25
 29085 | Orc:2    | Paralysed by an orc sorcerer for 7 turns
 29442 | Orc:2    | Bought a scroll of blinking for 75 gold pieces
 29526 | Orc:2    | Found Riggann's Gadget Emporium.
 29526 | Orc:2    | Found Hibam's Antique Armour Shoppe.
 29526 | Orc:2    | Found a one-way gate leading to the halls of Pandemonium.
 29534 | Orc:2    | Bought a glowing cloak for 202 gold pieces
 29534 | Orc:2    | Bought an embroidered scarf for 216 gold pieces
 29921 | Orc:2    | Gained mutation: Your muscles are strong. (Str +2) [a
                  | neqoxec]
 30612 | Orc:1    | Bought the amulet "Mouhoyr" {Spirit rElec rN+ Str+3} for
                  | 708 gold pieces
 31108 | D:13     | HP: 3/126 [ghoul (8)]
 32144 | D:14     | Found Kaozogaa's Antique Armour Boutique.
 32147 | D:14     | Bought a pair of embroidered gloves for 262 gold pieces
 32547 | D:14     | Found a gate to the Vaults.
 32729 | D:14     | Reached skill level 5 in Spellcasting
 33366 | D:15     | Entered Level 15 of the Dungeon
 34139 | D:15     | Reached skill level 5 in Hexes
 34310 | D:15     | Noticed Louise
 34350 | D:15     | Cast into level 3 of the Abyss (Louise)
 34351 | Abyss:3  | Noticed a kraken
 34365 | Abyss:3  | Got an abyssal rune of Zot
 34602 | Abyss:3  | Noticed a bone dragon
 34636 | Abyss:3  | Found a corrupted altar of Lugonu.
 34671 | D:15     | Escaped the Abyss
 34673 | D:15     | Identified a scroll of acquirement
 34702 | D:15     | Killed Louise
 35079 | D:15     | Reached XP level 16. HP: 103/134 MP: 20/27
 35171 | D:15     | Found a staircase to the Depths.
 35229 | D:15     | Reached skill level 15 in Invocations
 35789 | Swamp:1  | Entered Level 1 of the Swamp
 36124 | Swamp:1  | Reached skill level 1 in Necromancy
 36124 | Swamp:1  | Reached skill level 10 in Air Magic
 37316 | Swamp:2  | Reached skill level 5 in Shields
 38461 | Swamp:2  | Noticed a thorn hunter
 38478 | Swamp:2  | Killed a thorn hunter
 39974 | Swamp:4  | Entered Level 4 of the Swamp
 39989 | Swamp:4  | Reached skill level 5 in Necromancy
 40513 | Swamp:4  | Learned a level 1 spell: Summon Butterflies
 40568 | Swamp:4  | Reached skill level 1 in Summonings
 40965 | Swamp:4  | Noticed a thorn hunter
 40972 | Swamp:4  | Reached XP level 17. HP: 72/140 MP: 13/29
 42307 | Swamp:4  | Got a decaying rune of Zot
 42527 | Spider:1 | Entered Level 1 of the Spider Nest
 42774 | Spider:1 | Learned a level 5 spell: Lightning Bolt
 43801 | Spider:1 | Reached skill level 1 in Conjurations
 48584 | Spider:4 | Entered Level 4 of the Spider Nest
 48942 | Spider:4 | Reached XP level 18. HP: 77/148 MP: 25/31
 49162 | Spider:4 | Reached skill level 5 in Summonings
 49364 | Spider:4 | Reached skill level 10 in Spellcasting
 50620 | Spider:4 | Reached skill level 5 in Conjurations
 51135 | Spider:4 | Learned a level 3 spell: Tukima's Dance
 51141 | Spider:4 | Learned a level 5 spell: Summon Mana Viper
 51430 | Spider:4 | Reached skill level 10 in Hexes
 51746 | Spider:4 | Got a gossamer rune of Zot
 52073 | Lair:2   | Killed Depyiwoq's ghost
 52518 | Depths:1 | Entered Level 1 of the Depths
 53133 | Vaults:1 | Entered Level 1 of the Vaults
 53567 | Vaults:1 | Noticed Asterion
 53955 | Vaults:1 | Killed Asterion
 53983 | Vaults:1 | Reached skill level 15 in Long Blades
 54005 | Vaults:1 | Demolished by a vault warden

Levels and vault maps discovered:
D:1:      minmay_arrival_shattered_statue, layout_basic
D:2:      layout_loops_ring
D:3:      layout_basic, dancing_weapons_uskayaw, vehumet_crystals,
          gammafunk_ghost_necromancy, serial_corexii_hall,
          chequers_hall_statues_corner_a, corexii_hall_statues_i,
          corexii_hall_statues_x, hangedman_decor_clover_reticule, uniq_natasha,
          uniq_terence
D:4:      layout_gridville, uniq_grinder, uniq_menkaure
D:5:      layout_cave_pods, kennysheep_mini_moat, kennysheep_little_box,
          lemuel_coloured_pillars_altar, ashenzari_conservatory_becter,
          minmay_temple_entry_purple_smoke, first_ration, uniq_pikel,
          uniq_blork_the_orc
D:6:      layout_loops_ring, nicolae_overflow_crystal_walls,
          lemuel_zombie_altar_kikubaaqudgha, portal_sewer_entry_d
D:7:      layout_rooms, nicolae_tso_besieged_by_evil, marbit_many_paths
D:8:      cheibrodos_quashed, layout_loops_corners
D:9:      layout_layer_cave, nicolae_overflow_hidden_temple, dpeg_oklobed_lair,
          serial_glass, glass_columns_c, glass_columns_a, serial_shops, shop
D:10:     gammafunk_sealed_arena, layout_basic, david_nohive_1,
          lemuel_hellish_altar, uniq_erica
D:11:     layout_roguey, grunt_ministairs_5, eino_house_with_fridge
D:12:     layout_stronghold, lemuel_angel_altar
D:13:     layout_loops_ring, uniq_maurice
D:14:     layout_roguey, david_vaults_2, serial_undead, serial_undead_e,
          serial_undead_f, serial_undead_f, serial_undead_b, serial_undead_d,
          serial_undead_e, serial_undead_e, serial_undead_b, serial_shops, shop
D:15:     hangedman_depths_entry_civil_slaughter, layout_irregular_city,
          nrook_pool_corridor, nrook_mini_vaults, eino_curves_03, uniq_louise
Temple:   jpeg_temple_clearing
Lair:1:   layout_cave_pods
Lair:2:   layout_hall_layers, gammafunk_ghost_split
Lair:3:   layout_gridlike, minmay_swamp_entry_reptiles, worms_lemuel,
          uniq_nergalle
Lair:4:   layout_loops_ring, dummy_spider_entry, gauntlet_entry_generic
Lair:5:   layout_small_grid, minmay_slime_entry_oklob_open,
          nicolae_quartered_pool_super, minmay_lair_oklob_chamber
Lair:6:   grunt_lair_end_beastmaster, layout_gridlike
Swamp:1:  layout_basic_swamp, evilmike_swamp_ruin_house_4,
          infiniplex_staircase_pool
Swamp:2:  layout_falls_marsh, evilmike_swamp_ruin_house_5
Swamp:3:  layout_falls_marsh, hangedman_swamp_ruin_wall
Swamp:4:  swamp_fiery, layout_basic_swamp, swamp_pool4
Spider:1: layout_spider_delve, nicolae_spider_ant_collections
Spider:2: layout_spider_delve, drop_trap, nicolae_spider_webs_and_nodes
Spider:3: layout_spider_delve, drop_trap
Spider:4: spider_rune_water
Orc:1:    layout_caves, serial_shops, shop, shop
Orc:2:    pf_orc_diabolical, layout_caves, statue_in_the_mist_lemuel
Vaults:1: ontoclasm_vaults_gallery, v_misc_22, serial_ice_h,
          nicolae_vaults_alarming, ontoclasm_vaults_idyll,
          layout_vaults_quadrants, serial_shops, nicolae_shop_behind_doors,
          shop, shop, nicolae_shop_behind_doors, uniq_asterion
Depths:1: layout_gridlike, grunt_hell_entry_demonic_statue,
          nicolae_two_hexagons, drop_trap, chequers_big_river, nrook_campfire,
          kennysheep_underground_church

Skill      XL: |  1  2  3  4  5  6  7  8  9 10 11 12 13 14 15 16 17 18 |
---------------+-------------------------------------------------------+-----
Throwing       | 2 |  2.0
Dodging        | 3 4 5 6 7 9 10 | 10.0
Long Blades    | 4 5 6 7 8 9 11 12 13 14 15 | 15.0
Fighting       | 3 4 5 6 8 10 | 10.2
Invocations    | 1 3 5 6 8 10 11 12 13 14 15 | 15.0
Evocations     | 2 4 6 8 10 | 10.0
Shields        | 4 6 |  6.5
Translocations | 4 |  4.1
Air Magic      | 3 7 9 10 | 10.1
Spellcasting   | 3 6 8 9 10 | 10.8
Hexes          | 1 5 7 9 10 | 10.3
Necromancy     | 5 8 |  8.0
Summonings     | 2 4 6 |  6.0
Conjurations   | 4 6 |  6.6

Action                   |  1- 3 |  4- 6 |  7- 9 | 10-12 | 13-15 | 16-18 || total
-------------------------+-------+-------+-------+-------+-------+-------++-------
Melee: Long sword        |    83 |   162 |   444 |   234 |       |       ||   923
       Tailslap          |     8 |    30 |    81 |    96 |   242 |   322 ||   779
       Scimitar          |       |       |       |   305 |  1272 |  1482 ||  3059
Throw: Throwing net      |       |     3 |       |       |       |       ||     3
 Cast: Apportation       |       |       |       |       |     2 |       ||     2
       Regeneration      |       |       |       |       |       |    18 ||    18
       Spectral Weapon   |       |       |       |       |       |     9 ||     9
       Tukima's Dance    |       |       |       |       |       |    17 ||    17
       Summon Mana Viper |       |       |       |       |       |     4 ||     4
Invok: Stomp             |       |       |       |       |       |     1 ||     1
       Grand Finale      |       |       |       |       |       |     1 ||     1
 Abil: Breathe Steam     |       |       |    32 |    67 |    98 |    83 ||   280
Evoke: Wand              |       |       |       |    12 |    15 |    31 ||    58
       Sack of spiders   |       |       |       |       |     1 |     1 ||     2
       Fan of gales      |       |       |       |       |       |     2 ||     2
  Use: Potion            |       |     2 |       |       |    13 |     6 ||    21
       Scroll            |       |       |    22 |    10 |    22 |    17 ||    71
 Stab: Sleeping          |     1 |     2 |     4 |     2 |     1 |     2 ||    12
       Held in net/web   |       |     1 |       |       |       |       ||     1
       Paralysed         |       |     1 |     2 |    19 |   121 |   182 ||   325
       Distracted        |       |       |       |       |     2 |     1 ||     3
       Petrified         |       |       |       |       |    18 |       ||    18
       Petrifying        |       |       |       |       |     1 |       ||     1
  Eat: Chunk             |     1 |     6 |    17 |    22 |    26 |    20 ||    92
       Ration            |       |     1 |     1 |     5 |    12 |    16 ||    35
Armor: Skin              |    19 |    57 |   143 |   161 |   291 |   559 ||  1230
Dodge: Dodged            |    70 |   119 |   372 |   361 |   738 |  1387 ||  3047
       Deflected         |       |       |       |       |     7 |    16 ||    23
Block: Buckler           |       |       |       |   121 |   262 |   597 ||   980
       Rpst.: Long sword |    32 |    37 |   116 |    55 |       |       ||   240
       Scimitar          |       |       |       |    52 |   176 |   242 ||   470

Table legend:
 A = Non-vault XP
 B = Vault XP
 C = Vault XP percentage of total XP
 D = Non-vault monster count
 E = Vault monster count
 F = Vault count percentage of total count
                 A         B        C        D         E       F
            +---------+---------+-------+---------+---------+-------
      Total |  232850 |  114507 |  33.0 |     953 |     329 |  25.7
            +---------+---------+-------+---------+---------+-------
        D:1 |      55 |       0 |   0.0 |      24 |       0 |   0.0
        D:2 |     136 |       0 |   0.0 |      26 |       0 |   0.0
        D:3 |     290 |     230 |  44.2 |      23 |       6 |  20.7
        D:4 |     530 |     442 |  45.5 |      22 |       2 |   8.3
        D:5 |     830 |     655 |  44.1 |      30 |       2 |   6.2
        D:6 |     523 |      20 |   3.7 |      21 |       5 |  19.2
        D:7 |     814 |      50 |   5.8 |      15 |      10 |  40.0
        D:8 |    1564 |       0 |   0.0 |      30 |       0 |   0.0
        D:9 |    4028 |       0 |   0.0 |      29 |       0 |   0.0
       D:10 |    3306 |    2562 |  43.7 |      33 |      17 |  34.0
       D:11 |    3231 |    1634 |  33.6 |      16 |      14 |  46.7
       D:12 |    6253 |       0 |   0.0 |      28 |       0 |   0.0
       D:13 |    7716 |    2060 |  21.1 |      31 |       2 |   6.1
       D:14 |    6909 |   17887 |  72.1 |      32 |      22 |  40.7
       D:15 |   10724 |    6470 |  37.6 |      33 |       7 |  17.5
     Lair:1 |    4605 |       0 |   0.0 |      21 |       0 |   0.0
     Lair:2 |    6988 |    3535 |  33.6 |      24 |       6 |  20.0
     Lair:3 |    4478 |    3749 |  45.6 |      18 |      16 |  47.1
     Lair:4 |    3731 |       0 |   0.0 |      14 |       0 |   0.0
     Lair:5 |    2947 |    1911 |  39.3 |      14 |       5 |  26.3
     Lair:6 |    8033 |    9700 |  54.7 |      34 |      19 |  35.8
    Swamp:1 |   11169 |       0 |   0.0 |      27 |       0 |   0.0
    Swamp:2 |   21294 |       0 |   0.0 |      50 |       0 |   0.0
    Swamp:3 |   10584 |       0 |   0.0 |      25 |       0 |   0.0
    Swamp:4 |   19262 |   12981 |  40.3 |      51 |      21 |  29.2
   Spider:1 |   19332 |    4803 |  19.9 |      49 |      12 |  19.7
   Spider:2 |   18717 |       0 |   0.0 |      61 |       0 |   0.0
   Spider:3 |   13089 |       0 |   0.0 |      34 |       0 |   0.0
   Spider:4 |   16589 |   18579 |  52.8 |      45 |      35 |  43.8
      Orc:1 |    2335 |       0 |   0.0 |      26 |       0 |   0.0
      Orc:2 |    3934 |   16530 |  80.8 |      26 |      67 |  72.0
   Vaults:1 |   12165 |    6912 |  36.2 |      30 |       6 |  16.7
   Depths:1 |    2094 |       0 |   0.0 |       1 |       0 |   0.0
    Abyss:3 |    4595 |       0 |   0.0 |      10 |       0 |   0.0
      Sewer |       0 |     382 | 100.0 |       0 |      48 | 100.0
   Gauntlet |       0 |    3415 | 100.0 |       0 |       7 | 100.0
            +---------+---------+-------+---------+---------+-------
